 Dungeon Crawl Stone Soup version 0.28-a0-10-g964c8b829e (webtiles) character file.

Game seed: 3459375579061871945

3409 avis the Martial Artist (level 10, 0/76 HPs)
             Began as a Barachi Transmuter on July 25, 2021.
             Was an Initiate of Gozag.
             Slain by Harold (19 damage)
             ... on level 7 of the Dungeon.
             The game lasted 00:50:50 (8177 turns).

avis the Martial Artist (Barachi Transmuter)        Turns: 8177, Time: 00:50:51

Health: 0/76       AC:  3    Str: 13    XL:     10   Next: 4%
Magic:  14/16      EV: 14    Int: 15    God:    Gozag
Gold:   829        SH:  5    Dex: 13    Spells: 9/17 levels left

rFire   . . .      SeeInvis .     - Unarmed
rCold   . . .      Faith    .   D - +0 buckler
rNeg    . . .      Spirit   .   a - +0 robe
rPois   .          Reflect  .   (no helmet)
rElec   .          Harm     .   (no cloak)
rCorr   +          Rampage  .   p - +0 pair of gloves
Will    .....                   (no boots)
Stlth   ++........              q - amulet of regeneration
HPRegen 1.22/turn               i - ring of resist corrosion
MPRegen 0.15/turn               (no ring)

@: slow
A: amphibious, slowness 1, strong legs 1, +LOS
a: Hop, Renounce Religion, Potion Petition, Call Merchant, Bribe Branch


You were on level 7 of the Dungeon.
You worshipped Gozag.
Gozag was pleased with you.
You visited 2 branches of the dungeon, and saw 8 of its levels.
You also visited: Sewer.

You collected 879 gold pieces.
You paid 50 gold pieces to Gozag.

Inventory:

Hand Weapons
 b - a +4 dire flail of protection
 M - a +2 short sword of speed
 O - a +4 morningstar of freezing
 P - a +1 dagger of venom
 Q - a +1 flail of protection
Missiles
 r - 22 bolts
 u - 11 boomerangs
 x - 4 atropa-tipped darts
 y - a throwing net
 B - 45 poisoned darts
 H - 71 arrows
 J - 37 stones
 L - a curare-tipped dart
Armour
 a - a +0 robe (worn)
 c - a +1 scale mail of poison resistance
 p - a +0 pair of gloves (worn)
 D - a +0 buckler (worn)
 R - a +0 kite shield
Jewellery
 i - a ring of resist corrosion (left hand)
 q - an amulet of regeneration (around neck)
 I - a ring of poison resistance
Wands
 E - a wand of polymorph (7)
 N - a wand of digging (7)
Scrolls
 d - a scroll of holy word {unknown}
 e - 3 scrolls of enchant weapon {unknown}
 g - 2 scrolls of magic mapping {unknown}
 j - a scroll of vulnerability {unknown}
 k - 3 scrolls of amnesia {unknown}
 l - 7 scrolls of teleportation {unknown}
 o - 2 scrolls of silence {unknown}
 v - a scroll of acquirement {unknown}
 w - 2 scrolls of enchant armour {unknown}
 C - 4 scrolls of fog {unknown}
 K - a scroll of noise {unknown}
 S - a scroll of identify {unknown}
Potions
 f - a potion of attraction {unknown}
 h - 2 potions of heal wounds {unknown}
 m - 2 potions of resistance {unknown}
 n - 5 potions of curing {unknown}
 s - 2 potions of brilliance {unknown}
 t - a potion of flight {unknown}
 z - a potion of magic {unknown}
 A - 2 potions of cancellation {unknown}
 F - 2 potions of haste {unknown}
 G - a potion of invisibility {unknown}


   Skills:
 - Level 6.0 Fighting
 - Level 6.0 Dodging
 * Level 2.6 Stealth
 - Level 4.0 Shields
 - Level 10.0 Unarmed Combat
 - Level 4.0 Spellcasting
 - Level 5.0 Transmutations
 - Level 4.0 Ice Magic
 - Level 2.0 Poison Magic


You had 9 spell levels left.
You knew the following spells:

 Your Spells              Type           Power      Damage    Failure   Level
a - Beastly Appendage     Tmut           36%        N/A       2%          1
p - Spider Form           Tmut/Pois      6%         N/A       13%         3
q - Ice Form              Ice/Tmut       16%        N/A       28%         4

Your spell library contained the following spells:

 Spells                   Type           Power      Damage    Failure   Level
 Wereblood                Tmut           18%        N/A       3%          2
 Dazzling Flash           Conj/Hex       6%         N/A       47%         3
 Gell's Gravitas          Tloc           1%         N/A       47%         3
 Stone Arrow              Conj/Erth      6%         3d7       47%         3
 Teleport Other           Tloc           3%         N/A       47%         3
 Passage of Golubria      Tloc           N/A        N/A       87%         4
 Agony                    Necr           3%         N/A       99%         5
 Bolt of Magma            Conj/Fire/Erth 1%         4d4       99%         5
 Silence                  Hex/Air        1%         N/A       99%         5
 Dispersal                Tloc           1%         N/A       100%        6
 Lehudib's Crystal Spear  Conj/Erth      1%         10d2      100%        8
 Shatter                  Erth           1%         3d6*      100%        9


Dungeon Overview and Level Annotations

Branches:
Dungeon (7/15)             Temple (1/1) D:5           Sewer (visited)

Altars:
Ashenzari
Cheibriados
Dithmenos
Elyvilon
Fedhas
Gozag
Hepliaklqana
Kikubaaqudgha
Makhleb
Nemelex Xobeh
Okawaru
Qazlal
Ru
Sif Muna
Trog
Vehumet
Wu Jian
Xom
Yredelemnul
Zin
The Shining One

Shops:
D:4 *

Annotations:
D:5 2 transporters, 1 runed translucent door, Crazy Yiuf; ew1980's ghost, novice GrFi
D:7 Harold


Innate Abilities, Weirdness & Mutations

You are amphibious.
You cover ground slowly.
You can hop short distances.
You have an extended range of vision and can be seen from far away.


Message History

There is an open door here.
Your transformation is almost over.
Your transformation has ended.
Your +0 pair of gloves unmelds from your body.
Your +0 buckler unmelds from your body.
Your +0 robe unmelds from your body.
Casting: Spider Form (dangerous; 13% risk of failure)
Confirm with . or Enter, or press ? or * to list all spells.
You turn into a venomous arachnid creature.
Your +0 pair of gloves melds into your body.
Your +0 buckler melds into your body.
Your +0 robe melds into your body.
Harold barely misses you.
You hit Harold but do no damage. Harold closely misses you.
You hit Harold.
Harold is poisoned.
Harold is lightly wounded.
Harold hits you with a +1 vorpal halberd!!
You completely miss Harold.
Harold is lightly wounded.
Harold barely misses you.
You completely miss Harold.
Harold is lightly wounded.
Harold hits you with a +1 vorpal halberd!
You hit Harold.
Harold looks as sick as possible!
Harold is lightly wounded.
You bite Harold!
Harold looks as sick as possible!
Harold is moderately wounded.
Harold misses you.
You hit Harold.
Harold is moderately wounded.
Harold misses you.
You bite Harold!
Harold is moderately wounded.
Harold hits you with a +1 vorpal halberd!!
* * * LOW HITPOINT WARNING * * *
Okay, then.
Your transformation has ended.
Your +0 pair of gloves unmelds from your body.
Your +0 buckler unmelds from your body.
Your +0 robe unmelds from your body.
Harold hits you with a +1 vorpal halberd!!
You die...
Your body crumbles into a pile of gold.

...##..#.##....#.###........)....
...##.......##.#.# ######........
...##.#..#####.#.####...#.#......
...##+#..........................
.......)########.####...#.#######
........#####.......##.....#####
............#.#................##
........#...#.#.#####......###...
........#...#...@................
........#...##.@#####.#...###...#
........######..#####.#...# #...#
#######.######..##........###...#
#..............###.#.##'##.....#
##.....##....#.####.#.##........#
.'.....+.........................
##.....##....#.####.#####....#..#
#..........##[..................


You could see Harold (extremely poisoned).

Vanquished Creatures
  Grinder (D:3)
  Edmund (D:5)
  3 water moccasins
  An orc warrior (D:6)
  Purgy (Sewer)
  A sky beast (D:7)
  A necrophage (D:4)
  3 ogres
  2 centaurs
  5 phantoms
  3 kobold brigands
  A gnoll sergeant (D:5)
  A water moccasin zombie (D:5)
  A scorpion (D:4)
  2 wyvern skeletons (D:5)
  5 wights
  3 howler monkeys (D:7)
  3 jellies
  2 hounds (D:3)
  2 orc priests (D:7)
  2 bullfrog skeletons
  Terence (D:3)
  An iguana (D:5)
  9 orc wizards
  A hound skeleton (D:4)
  8 adders
  8 gnolls
  A shadow imp (D:6)
  An adder skeleton (D:4)
  2 worms
  3 dart slugs
  23 orcs
  4 endoplasms
  2 giant cockroaches
  10 hobgoblins
  11 jackals
  17 kobolds
  5 quokkas
  4 ball pythons
  6 bats
  5 frilled lizards (Sewer)
  7 goblins
  8 rats
181 creatures vanquished.

Vanquished Creatures (others)
  10 plants (D:1)
10 creatures vanquished.

Grand Total: 191 creatures vanquished

Notes
Turn   | Place    | Note
-------+----------+-------------------------------------------
     0 | D:1      | avis the Barachi Transmuter began the quest for the Orb.
     0 | D:1      | Reached XP level 1. HP: 15/15 MP: 3/3
   147 | D:1      | Reached XP level 2. HP: 20/21 MP: 3/5
   193 | D:1      | Reached skill level 4 in Unarmed Combat
   349 | D:1      | Reached skill level 1 in Stealth
   414 | D:1      | Reached skill level 1 in Poison Magic
   449 | D:1      | Reached XP level 3. HP: 26/26 MP: 4/6
   453 | D:1      | Learned a level 3 spell: Spider Form
  1916 | D:2      | Reached XP level 4. HP: 31/33 MP: 3/7
  2606 | D:3      | Noticed Terence
  2650 | D:3      | Reached XP level 5. HP: 38/38 MP: 5/9
  2675 | D:3      | Killed Terence
  2893 | D:3      | Noticed Grinder
  2896 | D:3      | Paralysed by Grinder for 3 turns
  2908 | D:3      | Killed Grinder
  2909 | D:3      | Reached skill level 5 in Unarmed Combat
  2909 | D:3      | Reached skill level 6 in Unarmed Combat
  2909 | D:3      | Reached XP level 6. HP: 34/44 MP: 7/10
  2962 | D:3      | Learned a level 4 spell: Ice Form
  3126 | D:4      | Reached skill level 7 in Unarmed Combat
  3126 | D:4      | Reached XP level 7. HP: 50/50 MP: 8/11
  3586 | D:4      | Found Dopegext's Assorted Antiques.
  4012 | D:4      | Upgraded the game from 0.28-a0-8-g6e044cfa68 to
                  | 0.28-a0-10-g964c8b829e
  4054 | D:5      | Entered Level 5 of the Dungeon
  4188 | D:5      | Found a staircase to the Ecumenical Temple.
  4216 | D:5      | Reached XP level 8. HP: 44/58 MP: 9/12
  4251 | Temple   | Entered the Ecumenical Temple
  4349 | Temple   | Became a worshipper of Gozag Ym Sagoz the Greedy
  4372 | D:5      | Noticed Edmund
  4388 | D:5      | Killed Edmund
  4389 | D:5      | Reached skill level 8 in Unarmed Combat
  4509 | D:5      | Found a transporter.
  4510 | D:5      | Found a transporter.
  4510 | D:5      | Noticed ew1980's ghost (novice GrFi)
  4526 | D:5      | Reached skill level 5 in Fighting
  4630 | D:5      | Reached skill level 1 in Ice Magic
  4828 | D:5      | Reached skill level 5 in Transmutations
  4971 | D:5      | Found a runed translucent door.
  4972 | D:5      | Noticed Crazy Yiuf
  5389 | D:6      | Reached XP level 9. HP: 46/68 MP: 10/13
  5394 | D:6      | Reached skill level 9 in Unarmed Combat
  5781 | D:6      | Found a glowing drain.
  5791 | Sewer    | Entered a sewer
  5886 | Sewer    | Noticed Purgy
  6048 | Sewer    | Killed Purgy
  6374 | D:6      | Reached skill level 5 in Dodging
  7301 | D:7      | Noticed Harold
  7744 | D:7      | Reached skill level 10 in Unarmed Combat
  7826 | D:7      | Reached XP level 10. HP: 74/76 MP: 12/16
  8177 | D:7      | Slain by Harold

Illustrated notes

Levels and vault maps discovered:
D:1:      roderic_crossed_star, layout_rooms, serial_bayou_lagoon_b
D:2:      layout_loops_corners
D:3:      layout_loops_cross, uniq_grinder, uniq_terence
D:4:      layout_loops_corners, serial_shops, kennysheep_mini_moat
D:5:      layout_loops_ring, minmay_temple_entry_tees, gammafunk_ghost_arena,
          uniq_edmund, uniq_crazy_yiuf_cottage
D:6:      layout_basic, portal_sewer_entry_b
D:7:      layout_basic, uniq_harold
Temple:   grunt_wide_crystal_templ

Skill      XL: |  1  2  3  4  5  6  7  8  9 |
---------------+----------------------------+-----
Unarmed Combat | 4 6 7 8 10 | 10.0
Stealth        | 1 2 |  2.6
Poison Magic   | 1 2 |  2.0
Transmutations | 3 4 5 |  5.0
Fighting       | 2 3 5 6 |  6.0
Spellcasting   | 3 4 |  4.0
Dodging        | 3 4 6 |  6.0
Ice Magic      | 4 |  4.0
Shields        | 4 |  4.0

Action                   |  1- 3 |  4- 6 |  7- 9 | 10-12 || total
-------------------------+-------+-------+-------+-------++-------
Melee: Unarmed           |   105 |    61 |   380 |    13 ||   559
       Kick              |    21 |     4 |     5 |       ||    30
       Headbutt          |    12 |     5 |     7 |       ||    24
       Punch             |       |       |     2 |       ||     2
 Cast: Beastly Appendage |    33 |     8 |    14 |       ||    55
       Spider Form       |     1 |     8 |    54 |     3 ||    66
       Ice Form          |       |       |     1 |       ||     1
 Abil: End Transformatio |       |       |       |     1 ||     1
 Stab: Sleeping          |       |     1 |     5 |       ||     6
Armor: Robe              |    10 |     6 |     2 |       ||    18
       Skin              |     1 |     2 |    14 |       ||    17
Dodge: Dodged            |    52 |    36 |   238 |    14 ||   340
Block: Buckler           |       |       |     2 |     2 ||     4

Table legend: (Time is in decaauts)
 A = Elapsed time spent in this place.
 B = Non-inter-level travel time spent in this place.
 C = Inter-level travel time spent in this place.
 D = Time resting spent in this place.
 E = Time spent auto-exploring this place.
 F = Levels seen in this place.
 G = Mean time per level.
                   A        B        C        D        E       F      G
               +--------+--------+--------+--------+--------+-----+--------+
         Total |   9132 |   8308 |    824 |   1036 |   4616 |   9 | 1014.7 |
       Dungeon |   8678 |   7899 |    779 |   1006 |   4529 |   7 | 1239.7 |
        Temple |    145 |    101 |     44 |      0 |     86 |   1 |  145.0 |
         Sewer |    308 |    308 |      0 |     30 |      1 |   1 |  308.0 |
               +--------+--------+--------+--------+--------+-----+--------+

Top non-repeatable levels by time:
     D:6: 1730 daAuts
     D:2: 1309 daAuts
     D:5: 1261 daAuts
     D:4: 1161 daAuts
     D:1: 1119 daAuts
     D:3: 1096 daAuts
     D:7: 998 daAuts
   Sewer: 308 daAuts
  Temple: 145 daAuts
